AoeStats
← Artemis6639

Arena

509936908Analyzed
1v1 RM · 5d ago on Sep 28, 2026· 47m 36s· 2 players
Game mode
Random Map
Map size
Tiny (2 player)
Population
200
Speed
Normal
Resources
Standard
Victory
Conquest
Starting age
Dark Age
Ending age
Imperial Age
RankedLock teamsTeams togetherTeam positionsShared explorationLock speedFull tech treeHidden civsTurbo modeCheats
Victory
Defeat
🇸🇪 Teutons · Sweden
1019
+15
🇹🇷 Byzantines · Türkiye
1001
-15
Mühendis
10:12 Feudal Age
17:49 Castle Age
16:09 Double-Bit Axe
18:15 Wheelbarrow
24:40 Arson
25:54 Squires
32:45 Imperial Age
31:48 Scale Mail Armor
31:58 Forging
32:36 Gambesons
35:19 Chemistry
34:39 Ballistics
34:32 Gold Mining
37:38 Gold Shaft Mining
37:55 Chain Mail Armor
38:16 Iron Casting
38:39 Logistica
39:17 Elite Varangian Guard
39:48 Horse Collar
Artemis6639
4:23 Loom
13:09 Feudal Age
14:11 Horse Collar
14:18 Double-Bit Axe
17:19 Castle Age
15:38 Gold Mining
17:38 Wheelbarrow
20:13 Bow Saw
20:05 Heavy Plow
21:49 Man-at-Arms
22:51 Man-at-Arms
22:58 Man-at-Arms
27:48 Stone Mining
30:47 Imperial Age
28:03 Town Watch
30:21 Stone Shaft Mining
30:10 Fortified Wall
30:14 Masonry
32:42 Two-Man Saw
32:36 Crop Rotation
33:00 Fletching
33:20 Forging
33:15 Scale Mail Armor
33:19 Squires
33:09 Arson
35:02 Chemistry
35:01 Hand Cart
35:52 Chain Mail Armor
36:12 Iron Casting
38:05 Plate Mail Armor
38:36 Blast Furnace
38:45 Blast Furnace
38:17 Bodkin Arrow
38:53 Ironclad
38:54 Conscription
39:32 Town Patrol
40:38 Crenellations
41:08 Elite Teutonic Knight
41:16 Elite Teutonic Knight
43:51 Siege Engineers
44:26 Hoardings
Connection lost

Rejoining the realm…

Still unreachable

The connection could not be restored.

Session expired

The server has moved on; the page needs a fresh start.